Map: Lightshade LE

Players

ShoWTimE - Winner!

  • Race: Protoss Protoss
  • League: Master
  • Spawn Location: 11:00

Lambo

  • Race: Zerg Zerg
  • League: Master
  • Spawn Location: 5:00

Event: DreamHack SC2 Masters 2020 Winter

VOD

Have the link to the VOD?

Description

Time

  • Played on: Nov. 6, 2020, 10:51 a.m.
  • Length: 7:19

All games in this series

Show
View Real Time Build Order
Export as new Build Order

ShoWTimE Protoss - Winner!

Build Orders: 1 Gate Expand 

Get SALT Encoding   

  12  0:00  Probe  
  13  0:12  Probe  
  14  0:20  Pylon  
  14  0:24  Probe  
  15  0:38  Probe (Chrono Boost)  
  15  0:40  Gateway  
  16  0:47  Probe (Chrono Boost)  
  17  0:51  Assimilator  
  17  0:52  Probe (Chrono Boost)  
  18  1:04  Probe  
  19  1:16  Probe  
  20  1:26  Nexus  
  20  1:35  Cybernetics Core  
  20  1:38  Probe  
  21  1:45  Assimilator  
  21  1:50  Probe  
  21  1:54  Pylon  
  22  2:02  Probe  
  23  2:09  Adept (Chrono Boost)  
  23  2:10  Probe  
  23  2:12  Warp Gate  
  26  2:18  Probe  
  27  2:24  Twilight Council  
  27  2:28  Probe  
  27  2:32  Stalker (Chrono Boost)  
  30  2:38  Probe  
  30  2:40  Probe  
  32  2:50  Probe  
  33  2:53  Robotics Facility, Probe  
  34  3:02  Probe  
  35  3:06  Gateway, Probe  
  36  3:13  Adept  
  36  3:14  Probe  
  36  3:19  Probe  
  40  3:21  Resonating Glaives (Chrono Boost)  
  40  3:26  Pylon, Probe  
  41  3:29  Shield Battery  
  42  3:37  Gateway  
  41  3:50  Pylon  
  37  4:00  Adept x2  
  35  4:03  Probe x2  
  35  4:08  Pylon  
  35  4:15  Probe  
  35  4:16  Probe  
  37  4:23  Adept x2  
  41  4:28  Probe x2  
  43  4:32  Pylon  
  43  4:34  Adept  
  45  4:40  Probe  
  46  4:45  Adept x2  
  46  4:49  Probe  
  46  4:52  Probe  
  52  4:54  Warp Prism (Chrono Boost)  
  54  5:01  Probe  
  54  5:04  Probe  
  54  5:05  Pylon  
  56  5:13  Probe  
  57  5:16  Adept x2  
  61  5:21  Pylon  
  61  5:27  Probe x2  
  63  5:31  Robotics Bay  
  63  5:34  Adept  
  65  5:37  Assimilator  
  65  5:39  Assimilator, Probe x2  
  67  5:45  Stalker  
  69  5:52  Adept  
  69  5:55  Adept  
  69  5:56  Observer  
  74  5:57  Pylon  
  74  6:01  Probe x2  
  74  6:04  Pylon  
  76  6:15  Adept x3  
  82  6:17  Probe  
Show
View Real Time Build Order
Export as new Build Order

Lambo Zerg 

Build Orders: Hatch First 

Get SALT Encoding   

  12  0:00  Drone  
  13  0:12  Overlord  
  13  0:17  Drone  
  14  0:30  Drone x2  
  16  0:40  Drone  
  17  0:51  Hatchery  
  17  0:55  Drone  
  17  0:59  Drone  
  18  1:08  Extractor  
  17  1:12  Spawning Pool  
  17  1:15  Drone  
  17  1:18  Drone  
  18  1:27  Drone  
  19  1:38  Drone  
  20  1:50  Overlord  
  20  1:59  Queen  
  22  2:03  Queen  
  22  2:04  Zergling x2  
  22  2:05  Zergling x2  
  26  2:09  Metabolic Boost  
  26  2:11  Drone  
  26  2:15  Drone  
  28  2:24  Zergling x2  
  28  2:28  Zergling x2  
  30  2:34  Hatchery  
  29  2:41  Zergling x4  
  31  2:46  Overlord  
  31  2:49  Zergling x2  
  32  2:58  Zergling x4  
  34  3:09  Zergling x10  
  34  3:12  Zergling x4  
  41  3:20  Zergling x4  
  41  3:26  Overlord  
  43  3:31  Zergling x2  
  41  3:52  Zergling x6  
  41  3:57  Zergling x2  
  41  4:00  Zergling x2  
  41  4:02  Zergling x4  
  42  4:03  Zergling x2  
  42  4:06  Zergling x2  
  39  4:10  Zergling x2  
  39  4:16  Drone  
  38  4:18  Drone  
  38  4:23  Drone  
  38  4:31  Drone x2  
  38  4:34  Drone  
  38  4:37  Drone  
  39  4:42  Drone  
  39  4:45  Drone  
  40  4:47  Drone  
  40  4:52  Drone x2  
  40  4:56  Drone  
  40  4:58  Drone  
  42  5:01  Drone  
  42  5:04  Drone  
  43  5:07  Drone  
  43  5:08  Drone  
  45  5:15  Drone x3  
  45  5:17  Drone  
  49  5:21  Drone x2  
  49  5:25  Drone x2  
  52  5:33  Zergling x10  
  57  5:38  Overlord  
  57  5:41  Overlord  
  57  5:52  Overlord  
  57  5:57  Zergling x16  
  57  6:00  Zergling x4  
  67  6:11  Zergling x10  
Tags
 
Add a new tag
Caveats
  • Supply blocks, unpowered buildings, or Contaminate may cause inaccurate times.
  • Supply counts are checked every 10 seconds.